 Dungeon Crawl Stone Soup version 0.24.0-13-gcf9b3192b9 (webtiles) character file.

Game seed: 10339369373191875000, levelgen mode: deterministic

542 FishyPogo the Magician (level 7, -7/36 HPs)
             Began as a Deep Elf Fire Elementalist on Nov 8, 2019.
             Was an Initiate of Sif Muna.
             Mangled by Prince Ribbit (15 damage)
             ... on level 5 of the Dungeon.
             The game lasted 00:18:30 (3214 turns).

FishyPogo the Magician (Deep Elf Fire Elementalist) Turns: 3214, Time: 00:18:35

Health: -7/36      AC:  5    Str:  7    XL:     7   Next: 6%
Magic:  7/17       EV: 14    Int: 21    God:    Sif Muna [......]
Gold:   313        SH:  0    Dex: 16    Spells: 4/16 levels left

rFire    . . .     SeeInvis .   a - +2 dagger (venom)
rCold    . . .     Gourm    .   (no shield)
rNeg     . . .     Faith    .   q - +0 robe
rPois    .         Spirit   .   (no helmet)
rElec    .         Reflect  .   (no cloak)
rCorr    .         Harm     .   u - +1 pair of gloves
MR       .....                  o - +0 pair of boots
Stlth    ++........             (no amulet)
HPRegen  0.12/turn              f - +2 ring of strength
MPRegen  0.15/turn              (no ring)

@: no status effects
A: no striking features
a: Renounce Religion


You were on level 5 of the Dungeon.
You worshipped Sif Muna.
Sif Muna was noncommittal.
You were hungry.

You visited 1 branch of the dungeon, and saw 5 of its levels.

You collected 313 gold pieces.

Inventory:

Hand Weapons
 a - a +2 dagger of venom (weapon)
Missiles
 d - 95 stones (quivered)
 p - 2 boomerangs
Armour
 o - a +0 pair of boots (worn)
 q - a +0 robe (worn)
 u - a +1 pair of gloves (worn)
Jewellery
 f - a +2 ring of strength (left hand)
 w - a cursed amulet of inaccuracy {unknown}
Wands
 v - a wand of enslavement (10)
Scrolls
 g - 4 scrolls of identify {unknown}
 h - a scroll of fog {unknown}
 i - 3 scrolls of amnesia {unknown}
 l - 3 scrolls of teleportation {unknown}
 m - 4 scrolls of remove curse {unknown}
 n - a scroll of enchant armour {unknown}
 r - a scroll of random uselessness {unknown}
 x - a scroll of enchant weapon {unknown}
Potions
 b - 3 potions of curing
 e - a potion of resistance {unknown}
 j - a potion of flight {unknown}
 k - a potion of magic {unknown}
 s - a potion of berserk rage {unknown}
Comestibles
 c - 8 rations


   Skills:
 * Level 2.9 Short Blades
 + Level 4.2 Dodging
 - Level 3.0 Stealth
 + Level 5.4 Spellcasting
 - Level 3.0 Conjurations
 * Level 2.2 Hexes
 * Level 4.9 Fire Magic


You had 4 spell levels left.
You knew the following spells:

 Your Spells              Type           Power        Failure   Level  Hunger
a - Flame Tongue          Conj/Fire      ###..        1%          1    None
b - Throw Flame           Conj/Fire      ###...       3%          2    None
c - Conjure Flame         Conj/Fire      ###.....     6%          3    ##.....
d - Tukima's Dance        Hex            ###.....     13%         3    ##.....
y - Dazzling Spray        Conj/Hex       ###...       11%         3    ##.....

Your spell library contained the following spells:

 Spells                   Type           Power        Failure   Level  Hunger
 Corona                   Hex            ###....      4%          1    None
 Inner Flame              Hex/Fire       ###.....     7%          3    ##.....
 Ensorcelled Hibernation  Hex/Ice        ##....       10%         2    None
 Confuse                  Hex            ###.....     13%         3    ##.....
 Sticky Flame             Conj/Fire      ###.....     21%         4    ####...
 Fireball                 Conj/Fire      ###.......   50%         5    #####..


Dungeon Overview and Level Annotations

Branches:
Dungeon (5/15)
 Temple: D:4-7

Altars:
Fedhas
Gozag
Nemelex Xobeh
Sif Muna
Yredelemnul

Annotations:
D:5 Prince Ribbit


Message History

Prince Ribbit is moderately wounded.
Prince Ribbit barely misses you.
You barely miss Prince Ribbit.
Prince Ribbit is moderately wounded.
Prince Ribbit barely misses you.
You hit Prince Ribbit.
Prince Ribbit is poisoned.
Prince Ribbit is heavily wounded.
Prince Ribbit hits you!
Casting: Flame Tongue (safe; 1% risk of failure)
Confirm with . or Enter, or press ? or * to list all spells.
Aiming: Flame Tongue (safe; 1% risk of failure)
Press: ? - help, Shift-Dir - straight line, f - iguana, p - Prince Ribbit
Aim: an iguana The flame tongue misses Prince Ribbit.
The flame tongue hits the iguana!
The iguana is severely wounded.
Prince Ribbit hops awkwardly around.
Prince Ribbit hits you!
* * * LOW HITPOINT WARNING * * *
Prince Ribbit hits you!
You die...

. #.######.......
......##
#.#.............#
##+#####
................
..... #..........#..#
#####
#..$..#....##.##
#.....†.l..##..# ..#
#.###.##...##..###..#
#.##F[.##.......#
#...@..##...#...#
######....#.#...#
########.....#####
.........(...#....
########..........
#.......###
##.......##
######..>......
#............##


You could see Prince Ribbit and an iguana.

Vanquished Creatures
  An ogre (D:4)
  A scorpion (D:3)
  A howler monkey (D:5)
  A bullfrog zombie (D:5)
  A hound (D:4)
  An orc wizard (D:2)
  An iguana (D:2)
  3 worker ants
  2 hound skeletons
  2 adders
  A shadow imp (D:5)
  3 oozes
  An adder skeleton (D:5)
  5 dart slugs
  3 leopard geckos
  15 orcs
  6 bats
  3 giant cockroaches
  5 goblins
  7 hobgoblins
  13 jackals
  8 kobolds
  2 quokkas (D:2)
  2 ball pythons
  4 frilled lizards
  A jackal skeleton (D:5)
  7 rats
100 creatures vanquished.

Vanquished Creatures (collateral kills)
  An orc (D:3)
1 creature vanquished.

Vanquished Creatures (others)
  A dancing weapon (D:3)
1 creature vanquished.

Grand Total: 102 creatures vanquished

Notes
Turn   | Place    | Note
-------+----------+-------------------------------------------
     0 | D:1      | FishyPogo the Deep Elf Fire Elementalist began the quest
                  | for the Orb.
     0 | D:1      | Reached XP level 1. HP: 10/10 MP: 6/6
   144 | D:1      | Reached XP level 2. HP: 15/15 MP: 1/8
   348 | D:1      | Learned a level 2 spell: Throw Flame
   530 | D:2      | Reached XP level 3. HP: 19/19 MP: 6/10
   535 | D:2      | Learned a level 3 spell: Conjure Flame
   733 | D:2      | Reached skill level 4 in Spellcasting
   774 | D:2      | Found a sparkling altar of Nemelex Xobeh.
   860 | D:2      | Reached skill level 1 in Short Blades
   860 | D:2      | Reached XP level 4. HP: 2/24 MP: 1/12
   860 | D:2      | HP: 1/24 [poisoned by an orc wizard]
  1427 | D:3      | Reached XP level 5. HP: 26/28 MP: 11/14
  1434 | D:3      | Learned a level 3 spell: Tukima's Dance
  1530 | D:3      | Found an opulent altar of Gozag.
  1930 | D:3      | Reached skill level 5 in Spellcasting
  1984 | D:3      | Learned a level 3 spell: Dazzling Spray
  2027 | D:3      | Found a blossoming altar of Fedhas.
  2028 | D:3      | Found a basalt altar of Yredelemnul.
  2362 | D:4      | Noticed an ogre
  2390 | D:4      | Killed an ogre
  2390 | D:4      | Reached XP level 6. HP: 32/32 MP: 4/15
  2642 | D:3      | Found a shimmering blue altar of Sif Muna.
  2650 | D:3      | Became a worshipper of Sif Muna the Loreminder
  2825 | D:4      | Reached skill level 1 in Hexes
  3004 | D:5      | Entered Level 5 of the Dungeon
  3136 | D:5      | Reached XP level 7. HP: 27/36 MP: 0/17
  3201 | D:5      | Noticed Prince Ribbit
  3214 | D:5      | Mangled by Prince Ribbit

Levels and vault maps discovered:
D:1:      minmay_arrival_solitary_statue, layout_rooms,
          corexii_item_surrounded_by_moat, grunt_decor_resistance
D:2:      layout_basic, nemelex_xobeh_ov_fountains_minmay, first_ration,
          dk_noncrumbling_3
D:3:      layout_loops_ring, nicolae_overflow_hidden_temple, old_standard_altar,
          gammafunk_temple_overflow_statue, grunt_decor_fettered, minivault_23,
          amethyst_killhole, chequers_arboretum
D:4:      layout_loops_ring
D:5:      layout_basic, uniq_prince_ribbit1

Skill      XL: |  1  2  3  4  5  6 |
---------------+-------------------+-----
Stealth        | 3 |  3.0
Spellcasting   | 4 5 |  5.4
Short Blades   | 1 2 |  2.9
Dodging        | 3 4 |  4.2
Conjurations   | 2 3 |  3.0
Fire Magic     | 4 |  4.9
Hexes          | 2 |  2.2

Action                   |  1- 3 |  4- 6 |  7- 9 || total
-------------------------+-------+-------+-------++-------
Melee: Short sword       |    25 |       |       ||    25
       Dagger            |       |    72 |     2 ||    74
 Cast: Flame Tongue      |    34 |    70 |     6 ||   110
       Throw Flame       |    12 |    30 |       ||    42
       Tukima's Dance    |       |     2 |       ||     2
       Conjure Flame     |       |     1 |       ||     1
  Use: Potion            |     1 |     1 |       ||     2
 Stab: Sleeping          |     5 |     4 |       ||     9
  Eat: Chunk             |       |     7 |       ||     7
Armor: Robe              |     4 |    32 |       ||    36
Dodge: Dodged            |    14 |    69 |     2 ||    85
